 Dungeon Crawl Stone Soup version 0.31-a0-986-g5e6e4ef867 (webtiles) character file.

Game seed: 10192682551539955430

58 dakadakadaka the Covered (level 3, -3/33 HPs)
             Began as an Armataur Fighter on Nov 8, 2023.
             Slain by an orc
             ... wielding a +0 mace
              (6 damage)
             ... on level 4 of the Dungeon.
             The game lasted 00:04:52 (767 turns).

dakadakadaka the Covered (Armataur Fighter)          Turns: 767, Time: 00:04:53

Health: -3/33      AC:  9    Str: 27    XL:     3   Next: 75%
Magic:  2/2        EV:  8    Int:  7    God:
Gold:   70         SH:  0    Dex:  8    Spells: 2/2 levels left

rFire   . . .        e - +0 great mace
rCold   . . .        (shield currently unavailable)
rNeg    . . .        b - +0 scale mail
rPois   .            (no helmet)
rElec   .            (no cloak)
rCorr   .            (no gloves)
SInv    .            (no barding)
Will    .....        (no amulet) Stlth
                     (no ring)
HPRegen 0.25/turn    (no ring)
MPRegen 0.08/turn

%: roll
@: no status effects
A: large, rugged brown scales 3, deformed body, armoured tail, roll, long
tongue, awkward tongue, fangs 1, iridescent scales 1, low MP 2, strong 1
a: no special abilities


You were on level 4 of the Dungeon.
You visited 1 branch of the dungeon, and saw 4 of its levels.

You collected 70 gold pieces.

Inventory:

Hand Weapons
 a - a +0 trident
 e - a +0 great mace (weapon)
 g - a +0 giant club
Armour
 b - a +0 scale mail (worn)
Potions
 d - a potion of might


   Skills:
 + Level 3.2 Fighting
 + Level 0.2 Maces & Flails
 + Level 2.0 Polearms
 + Level 4.1 Armour
 + Level 4.0 Shields


You had 2 spell levels left.
You didn't know any spells.
Your spell library contained the following spells:

 Spells                   Type           Power      Damage    Failure   Level
 Magic Dart               Conj           0%         1d3       69%         1


Dungeon Overview and Level Annotations

Branches:
Dungeon (4/15)
 Temple: D:4-7

Altars:


Innate Abilities, Weirdness & Mutations

You are completely covered in rugged brown scales. (AC +3, +7% HP)
Armour fits poorly on your strangely shaped body.
You have a long armoured tail.
You roll when moving toward enemies. (Rampage)
Your long tongue fully drains potion bottles. (2x potion effects)
Your tongue gives you trouble enunciating. (1.5x scroll delay)
You have very sharp teeth.
You are partially covered in iridescent scales. (AC +2)
Your magical capacity is very low. (-20% MP)
Your muscles are strong. (Str +4, Int/Dex -1)


Message History

The kobold hits you but does no damage.
You barely miss the quokka.
Your tail-slap misses the quokka.
The quokka is lightly wounded.
The quokka barely misses you. The kobold closely misses you.
The quokka bites you but does no damage.
The kobold hits you but does no damage.
You closely miss the quokka. Your bite misses the quokka.
The quokka is lightly wounded.
The quokka bites you but does no damage. x2
The kobold hits you with a +0 dagger.
The quokka bites you but does no damage.
You closely miss the quokka.
The quokka is lightly wounded.
The kobold hits you but does no damage. The quokka barely misses you.
The kobold hits you but does no damage.
The quokka bites you but does no damage.
You thump the quokka!
You kill the quokka!
The kobold hits you but does no damage. The kobold hits you with a +0 dagger.
The orc hits you but does no damage.
You closely miss the orc. The kobold hits you but does no damage.
The kobold hits you with a +0 dagger.
You roll towards the orc!
You closely miss the orc.
Your tail-slap misses the orc.
The orc hits you with a +0 mace!
The orc hits you with a +2 flail of protection.
The kobold attacks as it pursues you! The kobold hits you with a +0 dagger.
The orc hits you but does no damage. The orc barely misses you.
You barely miss the orc. The kobold hits you but does no damage.
The orc hits you but does no damage.
The orc hits you with a +2 flail of protection.
* * * LOW HITPOINT WARNING * * *
The kobold hits you but does no damage. The orc closely misses you.
The orc hits you with a +2 flail of protection.
* * * LOW HITPOINT WARNING * * *
You barely miss the orc.
You tail-slap the orc, but do no damage.
The kobold hits you but does no damage. The orc hits you but does no damage.
The orc barely misses you. The kobold closely misses you.
You closely miss the orc. The orc hits you with a +0 mace.
You die...

...... ............
...... #...........
..$...##.....$...##
.......#..........
#..............#
..............##..
##.............. .
#.o.....<...#
....###@#......#.....
#....oK##.....# ...
#...<...........# .
#....#...........#
......####..##....#
...... ...# ......
..... ....# ......
..... # ....


You could see 2 orcs and a kobold.

Vanquished Creatures
  2 adders
  A worm (D:2)
  3 ball pythons (D:2)
  6 endoplasms
  8 goblins
  2 hobgoblins (D:3)
  4 jackals (D:2)
  A quokka (D:4)
  A frilled lizard (D:2)
  4 rats (D:2)
32 creatures vanquished.

Notes
Turn   | Place    | Note
-------+----------+-------------------------------------------
     0 | D:1      | dakadakadaka the Armataur Fighter began the quest for the
                  | Orb.
     0 | D:1      | Reached XP level 1. HP: 19/19 MP: 1/1
   106 | D:2      | Identified the of Fefoih
   118 | D:2      | Reached XP level 2. HP: 21/26 MP: 2/2
   248 | D:2      | Found a faded altar of an unknown god.
   384 | D:2      | Reached XP level 3. HP: 33/33 MP: 3/3
   662 | D:3      | Gained mutation: You have very sharp teeth. [potion of
                  | mutation]
   662 | D:3      | Gained mutation: You possess an exceptional clarity of
                  | mind. [potion of mutation]
   662 | D:3      | Gained mutation: Your magical capacity is low. (-10% MP)
                  | [potion of mutation]
   662 | D:3      | Gained mutation: You are partially covered in iridescent
                  | scales. (AC +2) [potion of mutation]
   662 | D:3      | Gained mutation: Your magical capacity is very low. (-20%
                  | MP) [potion of mutation]
   662 | D:3      | Lost mutation: You possess an exceptional clarity of mind.
                  | [potion of mutation]
   662 | D:3      | Gained mutation: Your muscles are strong. (Str +4, Int/Dex
                  | -1) [potion of mutation]
   767 | D:4      | Slain by an orc

Illustrated notes

Levels and vault maps discovered:
D:1:      dpeg_chamrin_arrival_tetris, layout_basic, serial_rivers,
          chequers_serial_rivers_marsh, chequers_serial_rivers_large_a,
          chequers_serial_rivers_small_a, chequers_serial_rivers_marsh,
          chequers_serial_rivers_micro_b, chequers_serial_rivers_marsh
D:2:      layout_basic, shapermc_ecumenical_altar_rom_forum
D:3:      minmay_roachtagon, layout_basic, portal_sewer_entry_e,
          hangedman_decor_points, minmay_goblin_outpost, uniq_grinder
D:4:      layout_cave_pools, mainiacjoe_overflow_tiny_flanked

Skill      XL: |  1  2  3 |
---------------+----------+-----
Armour         | 4 |  4.1
Fighting       | 3 |  3.2
Polearms       | 2 |  2.0
Shields        | 4 |  4.0
Maces & Flails | |  0.2

Action                     || total
---------------------------++-------
  Melee: Trident           ||    53
         Tailslap          ||    10
         Great mace        ||    62
    Use: Potion            ||     1
 Armour: Scale mail        ||   134
  Dodge: Dodged            ||    61
  Block: Buckler           ||    10

Table legend: (Time is in decaauts)
 A = Elapsed time spent in this place.
 B = Non-inter-level travel time spent in this place.
 C = Inter-level travel time spent in this place.
 D = Time resting spent in this place.
 E = Time spent auto-exploring this place.
 F = Levels seen in this place.
 G = Mean time per level.
                   A        B        C        D        E       F      G
               +--------+--------+--------+--------+--------+-----+--------+
         Total |    820 |    820 |      0 |      0 |      0 |   4 |  205.0 |
       Dungeon |    820 |    820 |      0 |      0 |      0 |   4 |  205.0 |
               +--------+--------+--------+--------+--------+-----+--------+

Top non-repeatable levels by time:
     D:2: 365 daAuts
     D:3: 317 daAuts
     D:1: 106 daAuts
     D:4: 30 daAuts
